 Dungeon Crawl Stone Soup version 0.31-a0-859-g9dce7d3444 (webtiles) character file.

Game seed: 6476189437870241808

1615199 Charly the Slayer (level 26, 166/257 HPs)
             Began as a Black Draconian Shapeshifter on Oct 8, 2023.
             Was a High Priest of Ashenzari.
             Escaped with the Orb
             ... and 3 runes on Oct 9, 2023!
             The game lasted 04:08:43 (76376 turns).

Charly the Slayer (Black Draconian Shapeshifter)   Turns: 76376, Time: 04:08:43

Health: 166/257    AC: 28    Str: 16      XL:     26   Next: 97%
Magic:  6/23       EV: 33    Int: 10 (11) God:    Ashenzari [*****.]
Gold:   6325       SH: 27    Dex: 21      Spells: 20/25 levels left

rFire   + .          .
                       - Unarmed
rCold   + + .        n - +5 kite shield "Behold Eternity" {rC+ rF+, Dev, Bglg} (curse)
rNeg    + + +        (body armour unavailable)
rPois   ∞            (helmet restricted)
rElec   +            k - +2 cloak "Circumscribed Ennui" {Comp, Cun} (curse)
rCorr   .            t - +2 pair of gloves of Ashenzari's Fanaticism {infuse, Dev, Bglg} (curse)
SInv    +            E - +2 pair of slick slippers {slick, slippery, EV+4, Dev, Alch} (curse)
Will    +++..        X - amulet of Ouranomancy {Reflect Rampage SH+5, Dev, Fort} (curse)
Stlth   +            d - ring "Shackled Frustration" {Slay+4, Dev, Melee} (curse)
HPRegen 0.62/turn    Y - ring of the Tortoise {AC+8, Melee, Alch} (curse)
MPRegen 0.18/turn

%: reflection, clarity, rampage, infuse magic (1 MP)
@: death-form, flying, studying 2 skills
A: vile attack, torment immunity, no potions, flying, (breathe lightning), AC
+12, unfitting armour, big wings, electricity resistance, cold-blooded,
deterioration 1, strong-willed 1, weak 1, no potion heal 1
0: Orb of Zot
}: 3/15 runes: decaying, silver, gossamer
a: Siphon Essence, Begin Untransformation, Renounce Religion, Curse Item,
Shatter the Chains


You escaped.
You worshipped Ashenzari.
Ashenzari was extremely pleased with you.
You were an undying horror.
You visited 11 branches of the dungeon, and saw 51 of its levels.
You visited the Abyss 3 times.
You also visited: Sewer, Bailey and Ice Cave.

You collected 11729 gold pieces.
You spent 5404 gold pieces at shops.

Inventory:

Missiles
 x - 4 throwing nets
 P - 5 curare-tipped darts
Armour
 k - the cursed +2 cloak "Circumscribed Ennui" (worn) {Comp, Cun}
   (You found it on level 2 of the Dungeon)

   It has a curse which improves the following skills: Companions: Summonings
   and Necromancy.
   Cunning:   Dodging and Stealth.
 n - the cursed +5 kite shield "Behold Eternity" (worn) {rC+ rF+, Dev, Bglg}
   (You bought it in a shop on level 1 of the Elven Halls)

   It has a curse which improves the following skills: Devices: Evocations and
   Shapeshifting.
   Beguiling: Conjurations, Hexes and Translocations.
 t - the cursed +2 pair of gloves of Ashenzari's Fanaticism (worn) {infuse, Dev, Bglg}
   (You found it on level 5 of the Lair of Beasts)

   It has a curse which improves the following skills: Devices: Evocations and
   Shapeshifting.
   Beguiling: Conjurations, Hexes and Translocations.
 E - the cursed +2 pair of slick slippers (worn) {slick, slippery, EV+4, Dev, Alch}
   (You bought it in a shop on level 1 of the Elven Halls)

   Slick:     Its wearer cannot be constricted, engulfed, netted or webbed.
   Slippery:  Its wearer slips away from damaging melee attacks, pulling the
   attacker onward.
   EV+4:      It affects your evasion (+4).
   It has a curse which improves the following skills: Devices: Evocations and
   Shapeshifting.
   Alchemy:   Poison Magic and Transmutations.
Jewellery
 c - the ring of Lufolyd {*Slow rPois rC+ rN+ Dex+3}
   (You found it on level 3 of the Crypt)

   [ring of positive energy]

   Dex+3:     It affects your dexterity (+3).
   rC+:       It protects you from cold.
   rPois:     It protects you from poison rN+: It protects you from negative
   energy.
   *Slow:     It may slow you when you take damage.
 d - the cursed ring "Shackled Frustration" (left hand) {Slay+4, Dev, Melee}
   (You bought it in a shop on level 2 of the Orcish Mines)

   [ring of slaying]

   Slay+4:    It affects your accuracy & damage with ranged weapons and melee
   (+4).
   It has a curse which improves the following skills: Devices: Evocations and
   Shapeshifting.
   Melee Combat: Short Blades, Long Blades, Axes, Maces & Flails, Polearms,
   Staves and Unarmed Combat.
 f - the ring "Ellun" {rF+ rN+ Dex+3}
   (You found it on level 3 of the Crypt)

   [ring of positive energy]

   Dex+3:     It affects your dexterity (+3).
   rF+:       It protects you from fire.
   rN+:       It protects you from negative energy.
 m - a ring of willpower
 C - the ring of Fiomanah {rElec rF+ Will- Dex+3 Slay+3}
   (You found it on level 3 of the Elven Halls)

   [ring of protection from fire]

   Dex+3:     It affects your dexterity (+3).
   Slay+3:    It affects your accuracy & damage with ranged weapons and melee
   (+3).
   rF+:       It protects you from fire.
   rElec:     It insulates you from electricity.
   Will-:     It decreases your willpower.
 T - the macabre finger necklace {Finger+ rN+}
   (You bought it in a shop on level 1 of the Depths)

   [amulet of nothing]

   Finger+:   It enables you to equip an extra ring.
   rN+:       It protects you from negative energy.
 X - the cursed amulet of Ouranomancy (around neck) {Reflect Rampage SH+5, Dev, Fort}
   (You took it off a centaur warrior on level 15 of the Dungeon)

   [amulet of reflection]

   Reflect:   It reflects blocked missile attacks.
   SH+5:      It affects your SH (+5).
   Rampage:   It bestows one free step when moving towards enemies.
   It has a curse which improves the following skills: Devices: Evocations and
   Shapeshifting.
   Fortitude: Shields.
 Y - the cursed ring of the Tortoise (right hand) {AC+8, Melee, Alch}
   (You found it on level 3 of the Vaults)

   [ring of protection]

   AC+8:      It affects your AC (+8).
   It has a curse which improves the following skills: Melee Combat: Short
   Blades, Long Blades, Axes, Maces & Flails, Polearms, Staves and Unarmed
   Combat.
   Alchemy:   Poison Magic and Transmutations.
Talismans
 v - a talisman of death (active)
 J - a granite talisman
 Z - a storm talisman
Wands
 j - a wand of mindburst (16)
 o - a wand of iceblast (36) (quivered)
 F - a wand of acid (26)
 I - a wand of paralysis (41)
 L - a wand of digging (30)
Scrolls
 g - 9 scrolls of blinking
 i - 10 scrolls of fear
 l - 17 scrolls of teleportation
 q - 9 scrolls of immolation
 r - 2 scrolls of noise
 y - 10 scrolls of fog
 A - 7 scrolls of poison
 B - 9 scrolls of revelation
 H - 4 scrolls of butterflies
 K - 9 scrolls of vulnerability
 S - 3 scrolls of silence
Potions
 a - 6 potions of magic
 b - 5 potions of resistance
 e - 5 potions of enlightenment
 h - 10 potions of lignification
 s - 2 potions of might
 u - 8 potions of invisibility
 z - 7 potions of brilliance
 D - 23 potions of curing
 G - 7 potions of berserk rage
 M - 10 potions of ambrosia
 N - 16 potions of heal wounds
 Q - 4 potions of cancellation
 U - 5 potions of attraction
 V - 3 potions of haste
 W - 2 potions of mutation
Miscellaneous
 p - a lightning rod (4/4)
 w - a phantom mirror
 O - a condenser vane
 R - a sack of spiders


   Skills:
 + Level 24.9 Fighting
 + Level 20.4(22.2) Dodging
 - Level 3.0(4.8) Stealth
 + Level 18.4(20.3) Shields
 - Level 24.3(27) Unarmed Combat
 - Level 12.8(18.6) Evocations
 - Level 21.0(26.5) Shapeshifting


You had 20 spell levels left.
You knew the following spells:

 Your Spells              Type           Power      Damage    Failure   Level
a - Apportation           Tloc           0%         N/A       38%         1
b - Blink                 Tloc           0%         N/A       54%         2
l - Lesser Beckoning      Tloc           0%         N/A       54%         2

Your spell library contained the following spells:

 Spells                   Type           Power      Damage    Failure   Level
 Magic Dart               Conj           0%         1d3       38%         1
 Slow                     Hex            0%         N/A       38%         1
 Kiss of Death            Conj/Necr      0%         2d5       41%         1
 Necrotise                Necr           0%         1d4       41%         1
 Summon Small Mammal      Summ           0%         N/A       41%         1
 Momentum Strike          Conj/Tloc      0%         3d8       54%         2
 Searing Ray              Conj           0%         2d4       54%         2
 Call Imp                 Summ           0%         N/A       56%         2
 Cigotuvi's Dreadful Rot  Necr/Pois/Air  0%         N/A       56%         2
 Poisonous Vapours        Pois/Air       0%         N/A       56%         2
 Sublimation of Blood     Necr           0%         N/A       56%         2
 Confusing Touch          Hex            0%         N/A       77%         3
 Dazzling Flash           Conj/Hex       0%         N/A       77%         3
 Gell's Gravitas          Tloc           0%         N/A       77%         3
 Sigil of Binding         Hex            0%         N/A       77%         3
 Teleport Other           Tloc           0%         N/A       77%         3
 Summon Guardian Golem    Hex/Summ       0%         N/A       78%         3
 Call Canine Familiar     Summ           0%         N/A       80%         3
 Ignite Poison            Fire/Tmut/Pois 0%         N/A       80%         3
 Inner Flame              Hex/Fire       0%         N/A       80%         3
 Mephitic Cloud           Conj/Pois/Air  0%         N/A       80%         3
 Vampiric Draining        Necr           0%         2d6       80%         3
 Volatile Blastmotes      Fire/Tloc      0%         2d10      80%         3
 Swiftness                Air            0%         N/A       83%         3
 Airstrike                Air            0%         2d(0-16)  99%         4
 Anguish                  Hex/Necr       0%         N/A       99%         4
 Cause Fear               Hex            0%         N/A       99%         4
 Dimensional Bullseye     Hex/Tloc       0%         N/A       99%         4
 Dispel Undead            Necr           0%         3d6       99%         4
 Flame Wave               Conj/Fire      0%         2d4       99%         4
 Fulminant Prism          Conj/Hex       0%         3d5       99%         4
 Iskenderun's Mystic Bla  Conj/Tloc      0%         2d3       99%         4
 Leda's Liquefaction      Hex/Erth       0%         N/A       99%         4
 Manifold Assault         Tloc           0%         N/A       99%         4
 Olgreb's Toxic Radiance  Pois           0%         N/A       99%         4
 Petrify                  Tmut/Erth      0%         N/A       99%         4
 Sticky Flame             Conj/Fire      0%         2d3       99%         4
 Summon Ice Beast         Ice/Summ       0%         N/A       99%         4
 Summon Lightning Spire   Summ/Air       0%         N/A       99%         4
 Vhi's Electric Charge    Tloc/Air       0%         N/A       99%         4
 Alistair's Intoxication  Tmut/Pois      0%         N/A       100%        5
 Arcjolt                  Conj/Air       0%         1d10      100%        5
 Borgnjor's Vile Clutch   Necr/Erth      0%         N/A       100%        5
 Fireball                 Conj/Fire      0%         3d3       100%        5
 Freezing Cloud           Conj/Ice/Air   0%         6-21      100%        5
 Irradiate                Conj/Tmut      0%         3d11      100%        5
 Iskenderun's Battlesphe  Conj           0%         2d6       100%        5
 Lee's Rapid Deconstruct  Erth           0%         3d4*      100%        5
 Summon Forest            Summ/Tloc      0%         N/A       100%        5
 Summon Mana Viper        Hex/Summ       0%         N/A       100%        5
 Yara's Violent Unravell  Hex/Tmut       0%         3d3       100%        5
 Bombard                  Conj/Erth      0%         9d1       100%        6
 Conjure Ball Lightning   Conj/Air       0%         3x3d6     100%        6
 Death Channel            Necr           0%         N/A       100%        6
 Dispersal                Tloc           0%         N/A       100%        6
 Eringya's Noxious Bog    Tmut/Pois      0%         4d6       100%        6
 Plasma Beam              Fire/Air       0%         2x1d10    100%        6
 Starburst                Conj/Fire      0%         6d3       100%        6
 Summon Cactus Giant      Summ           0%         N/A       100%        6
 Enfeeble                 Hex            0%         N/A       100%        7
 Spellforged Servitor     Conj/Summ      0%         N/A       100%        7
 Borgnjor's Revivificati  Necr           0%         N/A       100%        8
 Discord                  Hex            0%         N/A       100%        8
 Disjunction              Tloc           0%         N/A       100%        8
 Ignition                 Fire           0%         3d3       100%        8
 Lehudib's Crystal Spear  Conj/Erth      0%         10d2      100%        8
 Maxwell's Capacitive Co  Air            0%         ∞         100%        8
 Chain Lightning          Conj/Air       0%         N/A       100%        9
 Dragon's Call            Summ           0%         N/A       100%        9
 Fire Storm               Conj/Fire      0%         5d1       100%        9
 Shatter                  Erth           0%         3d5*      100%        9
 Animate Armour           Summ/Erth      Unusable   N/A       N/A         4

Dungeon Overview and Level Annotations

Branches:
Dungeon (15/15)            Temple (1/1) D:5            Lair (5/5) D:11
  Swamp (4/4) Lair:2       Spider (4/4) Lair:3        Slime (0/5) Lair:5
    Orc (2/2) D:11            Elf (3/3) Orc:2        Vaults (5/5) D:13
  Crypt (3/3) Vaults:3       Tomb (0/3) Crypt:3      Depths (4/4) D:15
    Zot (5/5) Depths:4      Sewer (visited)          Bailey (visited)
  IceCv (visited)

Altars:
Ashenzari
Cheibriados
Dithmenos
Elyvilon
Fedhas
Gozag
Hepliaklqana
Kikubaaqudgha
Makhleb
Nemelex Xobeh
Okawaru
Qazlal
Ru
Sif Muna
Trog
Uskayaw
Vehumet
Wu Jian
Xom
Yredelemnul
Zin
The Shining One
Jiyva

Shops:
D:1 ?   Orc:2 (:(=   Elf:1 [   Elf:2 ?   Elf:3 (   Vaults:2 ==!   Vaults:3 (
Depths:1 =?!?

Portals:
Hell: Depths:1 Depths:2 Depths:3 Depths:4
Abyss: Vaults:4 Depths:3
Pandemonium: Depths:2
Ziggurat: Depths:1
Trove: Vaults:3 (give 14 potions of heal wounds)

Annotations:
Elf:2 3 runed translucent doors


Innate Abilities, Weirdness & Mutations

You are an undying horror.
Your melee and unarmed attacks drain, slow and weaken victims.
You are immune to unholy pain and torment.
You cannot drink.
You are flying.
You are immune to poison.
((You can breathe wild blasts of lightning.))
Your glossy black scales are hard. (AC +12)
You cannot fit into any form of body armour.
Your large and strong wings let you fly.
You are resistant to electric shocks. (rElec)
You are cold-blooded and may be slowed by cold attacks.
Your body sometimes deteriorates upon taking damage.
You are strong-willed. (Will+)
You are weak. (Str -2)
Potions are less effective at restoring your health.


Message History

You pummel the hell hound!!
The hell hound decays.
Your tail-slap misses the hell hound.
The hell hound is severely wounded.
You punch the hell hound!
You kill the hell hound!
You pulverise the hell hound!!!
You kill the hell hound!
You pummel the hell hound!!
The hell hound decays.
You tail-slap the hell hound, but do no damage.
The hell hound is severely wounded.
You pound the hell hound into fine dust!!!
You kill the hell hound!
You pummel the hell hound!!
You kill the hell hound!
No target in view!
What level of the Dungeon? (default 1, ? - help)
There is a stone staircase leading up here.
You fly upwards.
There is a stone staircase leading down here.
You sense a monster nearby.
A reaper comes into view.
It is wielding a +1 scythe of protection.
You rampage towards the reaper!
Irat comes into view.
You pulverise the reaper!!!
The reaper decays.
You tail-slap the reaper, but do no damage.
The reaper is heavily wounded.
Press: ? - help, v - describe, . - travel
Here: Irat The floor.
Unknown command.
Blink to where?
Press: ? - help, Dir - move target
As you read the scroll of blinking, it crumbles to dust.
You reach down and open the door.
There is an open door here.
Blink to where?
Press: ? - help, Dir - move target
As you read the scroll of blinking, it crumbles to dust.
Irat gestures.
You have escaped!

####.#...###.......## #....#####
#######..# ..#### ###.#
########## .## #.+.# #.........
## #.#.# #......... ##
#.#.####......... .####
#.#...#.......... ....#
##.##............. ....#
#z.'..#.[......... ....####
##.####.#......... #......###
#.###............ #..>.....#
#.##..#......##.. ###....#.###
#&##.##.##..##... ...........#
#22.....##....... ...........#
####..)......#....
...........#####..{&#######.#....
.....>...........2..##...........


You could see Irat, a hell beast (summoned) and a reaper.

Vanquished Creatures
  3 dread liches
  5 orbs of fire
  3 ancient liches (Zot:5)
  A juggernaut (Zot:5)
  3 pandemonium lords
  Josephina (Zot:3)
  Boris (Crypt:3)
  The ghost of Socil the Eclecticist, a veteran DjDe of Gozag (Elf:2)
  9 Killer Klowns
  4 curse toes (Zot:2)
  12 golden dragons
  the Enchantress (Depths:3)
  4 bone dragons
  Arachne (Spider:4)
  2 doom hounds (Crypt:3)
  A profane servitor (Vaults:4)
  An iron giant (shapeshifter) (Vaults:5)
  3 electric golems
  A Hell Sentinel (Depths:4)
  31 Orb Guardians
  7 liches
  2 Ice Fiends
  The ghost of Asunaom the Warrior, an adept HOFi of Beogh (Vaults:4)
  24 tentacled monstrosities
  13 quicksilver dragons
  Grunn (Crypt:3)
  2 deep elf blademasters (Elf:3)
  2 walking divine tomes (Depths:4)
  7 titans
  2 deep elf master archers (Elf:3)
  2 walking frostbound tomes (Depths:2)
  8 death cobs
  6 sphinxes
  An Executioner (Depths:3)
  2 ancient champions
  A tentacled starspawn (Vaults:4)
  Frances (Swamp:2)
  8 tengu reavers
  3 revenants
  2 thorn hunters
  16 storm dragons
  An azure jelly (shapeshifter) (Vaults:5)
  15 shadow dragons
  10 draconian monks
  3 fire giants
  2 draconian knights
  5 emperor scorpions (Spider:4)
  An iron dragon (Depths:3)
  5 ghost moths
  12 vault wardens
  7 deep elf sorcerers
  10 draconian scorchers
  3 deep elf elementalists (Elf:3)
  2 balrugs
  10 frost giants
  7 draconian annihilators
  8 draconian shifters
  4 cacodemons
  2 juggernaut zombies
  8 spriggan defenders
  5 ghouls
  An orc warlord (Vaults:1)
  A reaper (Crypt:3)
  12 ironbound preservers
  2 curse skulls
  20 stone giants
  A demonspawn corrupter (Abyss:3)
  2 juggernaut skeletons (Crypt:3)
  3 broodmothers
  A draconian stormcaller (Zot:2)
  A stone giant (shapeshifter) (D:15)
  20 very ugly things
  3 formless jellyfish
  5 war gargoyles
  17 green draconians
  18 black draconians
  A putrid mouth (Crypt:3)
  3 ironbound thunderhulks
  6 deep elf demonologists
  7 deep elf annihilators
  4 vampire knights
  4 dire elephants
  2 bunyips
  2 eleionomae
  27 purple draconians
  12 white draconians
  5 spark wasps
  13 yellow draconians
  The ghost of Leckux the Thaumaturge, a journeyman DjIE of Makhleb (Swamp:2)
  29 red draconians
  2 eidola
  7 ettins
  A merfolk javelineer (Depths:2)
  5 deep elf death magi
  An iron golem (Depths:1)
  A green death (D:15)
  9 yaktaur captains
  3 fire dragons
  A crystal guardian (Vaults:4)
  A spectral fenstrider witch (Swamp:2)
  The ghost of Tenar the Grappler, a journeyman TrFi of Gozag (D:11)
  4 entropy weavers
  4 jiangshi (Crypt:2)
  4 shambling mangroves
  4 deep elf high priests
  10 ice dragons
  Harold (D:11)
  4 great orbs of eyes
  26 vault guards
  33 hydras
  2 peacekeepers
  3 ghost crabs
  6 spriggan air magi
  2 catoblepae
  4 rakshasas
  A jorogumo (shapeshifter) (Elf:2)
  9 ironbound frosthearts
  6 jorogumos
  A hydra (shapeshifter) (D:15)
  3 death knights
  3 spriggan skeletons
  3 radroaches
  3 alligators (Swamp:2)
  13 centaur warriors
  18 boulder beetles
  8 ogre magi
  22 two-headed ogres
  4 demonic crawlers
  A satyr (shapeshifter) (Vaults:5)
  2 death yaks
  7 tengu warriors
  10 deep troll earth magi
  2 vampire magi
  14 dancing weapons
  5 deep troll shamans
  4 thrashing horrors (Abyss:3)
  Sonja (Lair:3)
  12 spriggan berserkers
  3 hell knights
  13 deep elf knights
  A fire crab (D:15)
  4 sun demons
  A sun moth (Spider:4)
  A shadow wraith (Crypt:2)
  4 goliath frogs
  29 skeletal warriors
  A storm dragon skeleton (Crypt:3)
  11 orb spiders
  7 iron trolls
  3 pharaoh ants
  A skyshark (Lair:5)
  A skyshark (shapeshifter) (D:14)
  A golden dragon zombie (Depths:3)
  A sea snake (shapeshifter) (D:15)
  3 spriggan druids
  9 phantasmal warriors
  2 glowing orange brains
  33 deep trolls
  A ghost moth zombie (Crypt:2)
  11 swamp dragons
  4 flayed ghosts
  18 ironbound convokers
  An orb spider (shapeshifter) (Vaults:5)
  2 lindwurms
  6 steelbarb worms
  7 harpies
  2 fenstrider witch simulacra (Swamp:2)
  9 wizards
  17 deep elf archers
  13 bog bodies
  5 necromancers
  Pikel (D:5)
  4 starcursed masses (Abyss:3)
  8 orc knights
  A goliath frog zombie (Crypt:2)
  19 deep elf zephyrmancers
  A fire giant zombie (Depths:3)
  A faun (shapeshifter) (Vaults:1)
  22 deep elf pyromancers
  4 orc sorcerers
  A wolf spider (shapeshifter) (D:15)
  10 cyclopes
  39 ugly things
  22 wolf spiders
  A frost giant zombie (Depths:2)
  4 will-o-the-wisps
  A shining eye (shapeshifter) (Vaults:5)
  2 spectral spriggans (Swamp:2)
  An elephant (shapeshifter) (D:15)
  A salamander (Depths:3)
  34 moths of wrath
  5 manticores
  A stone giant skeleton (Crypt:3)
  A frost giant skeleton (Depths:3)
  A worldbinder (Vaults:4)
  6 fire giant skeletons (Crypt:3)
  5 black mambas (Lair:5)
  Joseph (D:7)
  A human skeleton (Vaults:2)
  2 smoke demons (Depths:4)
  2 ice statues (IceCv)
  23 elephants
  4 torpor snails
  8 apocalypse crabs (Zot:2)
  11 vault sentinels
  2 molten gargoyles (Lair:5)
  16 cane toads
  4 centaur skeletons
  9 gargoyles
  A titan simulacrum (Depths:2)
  5 orange demons
  An unseen horror (Depths:3)
  A red draconian zombie (Crypt:1)
  A dire elephant skeleton (Crypt:1)
  A catoblepas zombie (Crypt:1)
  An iron troll zombie (Crypt:2)
  A yaktaur skeleton (Vaults:2)
  4 freezing wraiths
  12 komodo dragons
  3 anaconda simulacra (IceCv)
  4 tengu conjurers
  An ancient zyme (Abyss:3)
  5 ice devils (IceCv)
  2 tormentors
  A sea snake skeleton (Crypt:1)
  A spectral death drake (Swamp:2)
  33 yaktaurs
  15 tyrant leeches
  7 meliai
  A harpy zombie (Crypt:3)
  A meliai (shapeshifter) (Vaults:5)
  3 polar bears
  10 trolls
  31 hornets
  2 tarantellas (shapeshifter)
  30 tarantellas
  A wind drake (Lair:4)
  A shadow dragon simulacrum (Zot:3)
  12 blink frogs
  5 raiju (Abyss:3)
  Grinder (D:6)
  An ice dragon zombie (Crypt:2)
  2 spriggan zombies
  32 jumping spiders
  11 fire dragon skeletons (Crypt:3)
  2 centaur simulacra
  39 slime creatures
  3 flying skulls (Crypt:1)
  An air elemental (Elf:2)
  A jumping spider (shapeshifter) (Vaults:5)
  7 wyverns
  4 dire elephant simulacra (IceCv)
  5 water elementals
  Sigmund (D:3)
  39 yaks
  A vampire (D:11)
  22 culicivoras
  17 spriggans
  A ynoxinul (Abyss:3)
  2 ushabtiu (Crypt:3)
  6 wraiths
  A fire elemental (Elf:1)
  A slime creature zombie (Crypt:2)
  9 basilisks
  7 shadows
  A fire bat (D:11)
  A golden eye (shapeshifter) (D:13)
  3 golden eyes
  13 vampire mosquitoes
  A steam dragon (Lair:5)
  5 spriggan simulacra (Swamp:2)
  A neqoxec (Abyss:3)
  43 redbacks
  A white draconian simulacrum (Zot:3)
  A green draconian simulacrum (Zot:3)
  2 redbacks (shapeshifter)
  3 chaos spawn (Depths:3)
  Menkaure (D:5)
  6 wargs
  12 large abominations
  18 swamp worms
  4 acid dragons
  10 hell hounds
  3 hydra simulacra (IceCv)
  13 water moccasins
  A human simulacrum (Vaults:2)
  4 small abominations
  2 moth of wrath simulacra (Zot:3)
  3 floating eyes
  A cane toad skeleton (Crypt:2)
  A glowing shapeshifter skeleton (Vaults:2)
  2 ice beasts (D:6)
  24 orc warriors
  3 sky beasts
  27 ogres
  2 black bears
  7 swamp drakes
  A boggart (D:15)
  9 centaurs
  18 wolves
  2 lemures (D:5)
  A phantom (D:6)
  An earth elemental (Elf:2)
  11 kobold brigands
  A vine stalker zombie (Crypt:1)
  13 bullfrogs
  A scorpion (D:2)
  A necrophage (Swamp:4)
  A draconian skeleton (Crypt:1)
  A two-headed ogre simulacrum (D:12)
  3 cane toad simulacra (D:12)
  7 wights
  A cyclops skeleton (Crypt:2)
  A warg skeleton (Crypt:1)
  A polar bear zombie (Crypt:1)
  11 killer bees
  5 electric eels
  4 howler monkeys
  5 lava snakes (Lair:5)
  5 hounds
  A jelly (D:4)
  Crazy Yiuf (D:6)
  15 orc priests
  A gnoll bouda (D:6)
  2 sleepcaps
  A boggart zombie (Crypt:2)
  5 iguanas
  32 orc wizards
  2 troll simulacra
  A black bear skeleton (Crypt:1)
  A boggart skeleton (D:13)
  2 polar bear simulacra
  A sky beast zombie (Crypt:1)
  An acid dragon zombie (Crypt:1)
  2 naga skeletons
  11 mummies (Crypt:3)
  Robin (D:2)
  6 gnolls
  6 river rats
  18 adders
  2 naga simulacra (D:12)
  A shadow imp (D:5)
  3 white imps
  4 ufetubi
  An adder skeleton (Crypt:1)
  A worm (D:5)
  2 dart slugs
  91 orcs
  20 ball pythons
  6 endoplasms
  8 giant cockroaches
  15 goblins
  10 hobgoblins
  9 jackals
  A quokka (D:5)
  9 bats
  7 frilled lizards
  21 kobolds
  2 orc skeletons
  24 rats
  A lurking horror (Vaults:4)
  A starspawn tentacle (Vaults:4)
2422 creatures vanquished.

Vanquished Creatures (collateral kills)
  A bunyip (Swamp:1)
  A two-headed ogre (Orc:2)
  An alligator (Swamp:1)
  A goliath frog (Swamp:1)
  A tarantella (Spider:4)
  A culicivora (Spider:4)
6 creatures vanquished.

Vanquished Creatures (others)
  A draconian knight (Zot:2)
  A ghost moth (Zot:4)
  A pharaoh ant (Spider:4)
  An orb spider (Spider:4)
  A deep elf zephyrmancer (Elf:1)
  2 deep elf pyromancers
  A red devil (D:3)
  A bloated husk (Swamp:2)
  A redback (Spider:4)
  A tengu (shapeshifter) (Vaults:5)
  A bullfrog (Lair:3)
  An orc (Vaults:5)
  16 foxfires
  2 starspawn tentacles (Vaults:4)
31 creatures vanquished.

Grand Total: 2459 creatures vanquished

Notes
Turn   | Place    | Note
-------+----------+-------------------------------------------
     0 | D:1      | Charly the Draconian Shapeshifter began the quest for the
                  | Orb.
     0 | D:1      | Reached XP level 1. HP: 16/16 MP: 1/1
   351 | D:1      | Reached XP level 2. HP: 23/23 MP: 2/2
   372 | D:1      | Reached skill level 1 in Stealth
   591 | D:1      | Found Loleq's Magic Scroll Shop.
   594 | D:1      | Bought a scroll of teleportation for 30 gold pieces
   594 | D:1      | Bought a scroll of identify for 20 gold pieces
   656 | D:1      | Reached XP level 3. HP: 29/29 MP: 3/3
  1113 | D:1      | Bought a scroll of poison for 40 gold pieces
  1160 | D:2      | Reached XP level 4. HP: 35/36 MP: 4/4
  1258 | D:1      | Bought a scroll of identify for 20 gold pieces
  1258 | D:1      | Bought a scroll of identify for 20 gold pieces
  1392 | D:2      | Noticed a scorpion
  1667 | D:2      | Noticed Robin
  1714 | D:2      | Killed a scorpion
  1715 | D:2      | Reached XP level 5. HP: 12/42 MP: 5/5
  1976 | D:1      | Bought a scroll of identify for 20 gold pieces
  2604 | D:3      | Reached skill level 1 in Evocations
  2604 | D:3      | Reached XP level 6. HP: 51/51 MP: 6/6
  2911 | D:3      | You fall into a shaft and drop 3 floors!
  2931 | D:6      | Noticed an ice beast
  3022 | D:6      | Noticed Grinder
  3042 | D:6      | Killed Grinder
  3128 | D:5      | Entered Level 5 of the Dungeon
  3147 | D:5      | Your scales start taking on a glossy black colour.
  3147 | D:5      | Reached XP level 7. HP: 44/57 MP: 7/7
  3147 | D:5      | Gained mutation: You are resistant to electric shocks.
                  | (rElec) [Black Draconian growth]
  3436 | D:5      | Reached skill level 5 in Unarmed Combat
  3555 | D:5      | Found a glowing drain.
  3559 | Sewer    | Entered a sewer
  3743 | Sewer    | Reached skill level 5 in Shapeshifting
  4164 | D:5      | Found a staircase to the Ecumenical Temple.
  4177 | Temple   | Entered the Ecumenical Temple
  4485 | D:4      | Reached XP level 8. HP: 53/63 MP: 8/8
  4786 | D:2      | Killed Robin
  4809 | D:1      | Bought a scroll of noise for 10 gold pieces
  4809 | D:1      | Bought a scroll of fog for 40 gold pieces
  4809 | D:1      | Bought a scroll of enchant armour for 75 gold pieces
  4851 | D:3      | Noticed Sigmund
  4860 | D:3      | Killed Sigmund
  5832 | D:5      | Noticed Menkaure
  5850 | D:5      | Killed Menkaure
  5978 | D:5      | Reached skill level 5 in Evocations
  6016 | D:5      | Noticed Pikel
  6119 | D:5      | Killed Pikel
  6120 | D:5      | Reached XP level 9. HP: 56/69 MP: 9/9
  7828 | D:6      | Found a runed translucent door.
  7829 | D:6      | Noticed Crazy Yiuf
  8186 | D:7      | Found a sacrificial altar of Ru.
  8377 | D:7      | Noticed Duvessa
  8377 | D:7      | Noticed Dowan
  8392 | D:7      | Duvessa changed into Duvessa the adder
  8392 | D:7      | Noticed Duvessa
  8395 | D:7      | Dowan changed into Dowan the sky beast
  8395 | D:7      | Noticed Dowan
  8398 | D:7      | Killed Duvessa the adder
  8407 | D:7      | Killed Dowan the sky beast
  8724 | D:7      | Reached XP level 10. HP: 55/79 MP: 10/10
  8908 | D:7      | Noticed Joseph
  8986 | D:7      | Killed Joseph
  9432 | D:8      | Found a flagged portal.
  9489 | Bailey   | Entered a bailey
  9785 | Bailey   | Reached skill level 5 in Fighting
  9933 | Bailey   | Found a burning altar of Makhleb.
  9947 | Bailey   | Identified the +0 plate armour of Gluttony {rF+ rC+ rCorr}
 10151 | D:1      | Bought a scroll of immolation for 40 gold pieces
 10151 | D:1      | Bought a scroll of acquirement for 520 gold pieces
 10151 | D:1      | Acquired 728 gold pieces
 10565 | D:8      | Reached skill level 10 in Shapeshifting
 10670 | D:8      | Acquired 968 gold pieces
 11103 | D:9      | Reached skill level 10 in Unarmed Combat
 11326 | D:9      | Noticed a boulder beetle
 11349 | D:9      | Killed a boulder beetle
 11350 | D:9      | Reached XP level 11. HP: 52/89 MP: 11/11
 12479 | D:9      | Upgraded the game from 0.31-a0-854-g362426d53f to
                  | 0.31-a0-859-g9dce7d3444
 12949 | D:10     | Entered Level 10 of the Dungeon
 13073 | D:10     | Noticed a red ugly thing
 13074 | D:10     | Found an ancient bone altar of Kikubaaqudgha.
 13081 | D:10     | Killed a red ugly thing
 13099 | D:10     | Found a shimmering blue altar of Sif Muna.
 13100 | D:10     | Found a hide-covered altar of Uskayaw.
 13100 | D:10     | Found a blossoming altar of Fedhas.
 13102 | D:10     | Found a broken altar of Ashenzari.
 13102 | D:10     | Found a radiant altar of Vehumet.
 13103 | D:10     | Found a glowing golden altar of the Shining One.
 13105 | D:10     | Became a worshipper of Ashenzari the Shackled
 13107 | D:10     | Found a hazy altar of Hepliaklqana.
 13816 | D:11     | Noticed a boulder beetle
 13816 | D:11     | Noticed a two-headed ogre
 13829 | D:11     | Killed a two-headed ogre
 13847 | D:11     | Killed a boulder beetle
 13848 | D:11     | Noticed a tengu warrior
 13882 | D:11     | Killed a tengu warrior
 13962 | D:11     | Noticed a four-headed hydra
 14053 | D:11     | Noticed a cyan ugly thing
 14378 | D:11     | Noticed a purple ugly thing
 14473 | D:11     | Killed a four-headed hydra
 14507 | D:11     | Reached XP level 12. HP: 45/100 MP: 12/12
 14953 | D:11     | Found a staircase to the Lair.
 15032 | D:11     | Found a runed translucent door.
 15032 | D:11     | Noticed Tenar's ghost (journeyman TrFi)
 15569 | D:11     | Noticed a boulder beetle
 15582 | D:11     | Killed a boulder beetle
 15585 | D:11     | Reached * piety under Ashenzari
 15833 | D:11     | Found a staircase to the Orcish Mines.
 15926 | Lair:1   | Entered Level 1 of the Lair of Beasts
 16676 | Lair:1   | Reached ** piety under Ashenzari
 17652 | Lair:2   | Reached *** piety under Ashenzari
 17762 | Lair:2   | Found a staircase to the Swamp.
 17798 | Lair:2   | Reached XP level 13. HP: 99/113 MP: 13/13
 19110 | Lair:3   | Identified the +0 chain mail of Love and Death {rF+ Will+
                  | Dex+3}
 19325 | Lair:3   | Found a hole to the Spider Nest.
 19557 | Lair:3   | Noticed Sonja
 19584 | Lair:3   | Killed Sonja
 19806 | Lair:4   | Noticed Urug
 20620 | Lair:4   | Urug changed into Urug the wind drake
 20620 | Lair:4   | Noticed Urug
 20630 | Lair:4   | Killed Urug the wind drake
 20709 | Lair:4   | Identified the +0 scale mail of Chill Winds {Dex+3}
 21166 | Lair:5   | Entered Level 5 of the Lair of Beasts
 21806 | Lair:5   | Gained mutation: Your large and strong wings let you fly.
                  | [Black Draconian growth]
 21806 | Lair:5   | Reached XP level 14. HP: 105/119 MP: 1/14
 21965 | Lair:5   | Reached skill level 10 in Fighting
 21965 | Lair:5   | Reached skill level 10 in Evocations
 22041 | Lair:5   | Found a staircase to the Slime Pits.
 22042 | Lair:5   | Found a viscous altar of Jiyva.
 22496 | Lair:5   | Found a large runed translucent door.
 22497 | Lair:5   | Found a large runed translucent door.
 23172 | Lair:5   | Reached skill level 5 in Dodging
 23813 | D:12     | Reached skill level 15 in Unarmed Combat
 23850 | D:12     | Found a frozen archway.
 23885 | IceCv    | Entered an ice cave
 26435 | D:13     | Found a gate to the Vaults.
 26511 | D:13     | Reached XP level 15. HP: 128/130 MP: 15/15
 28371 | D:15     | Entered Level 15 of the Dungeon
 29446 | D:15     | Found a hide-covered altar of Uskayaw.
 29446 | D:15     | Found a burning altar of Makhleb.
 29447 | D:15     | Found a snail-covered altar of Cheibriados.
 29550 | D:15     | Found a staircase to the Depths.
 30117 | Abyss:3  | Cast into level 3 of the Abyss (orc knight)
 30135 | D:15     | Escaped the Abyss
 30223 | D:15     | Learned a level 1 spell: Apportation
 30242 | D:15     | Noticed a frost giant
 30259 | D:15     | Killed a frost giant
 30700 | D:15     | Noticed a tengu reaver
 30717 | D:15     | Killed a tengu reaver
 30722 | D:15     | Identified the amulet of Past Mistakes {Reflect Rampage
                  | SH+5}
 30922 | D:15     | Reached XP level 16. HP: 107/141 MP: 12/16
 31516 | D:15     | Noticed a sphinx
 31524 | D:15     | Killed a sphinx
 31833 | D:15     | Noticed an iron giant
 31833 | D:15     | an iron giant changed into a sphinx
 31833 | D:15     | Noticed a sphinx (glowing shapeshifter)
 32374 | Orc:1    | Entered Level 1 of the Orcish Mines
 32738 | Orc:2    | Entered Level 2 of the Orcish Mines
 33095 | Orc:2    | Found a staircase to the Elven Halls.
 33134 | Orc:2    | Found Horch's Book Shop.
 33135 | Orc:2    | Found Zuimp's Jewellery Shoppe.
 33135 | Orc:2    | Found Hubioxy's Antique Weapon Shop.
 33135 | Orc:2    | Found Pounofeb's Antique Weapon Emporium.
 34066 | Orc:2    | Bought a +4 ring of slaying for 1014 gold pieces
 34415 | D:6      | Killed Crazy Yiuf
 34581 | D:11     | Killed Tenar's ghost
 34607 | D:11     | Noticed Harold
 34619 | D:11     | Killed Harold
 34683 | Swamp:1  | Entered Level 1 of the Swamp
 34694 | Swamp:1  | Noticed a thorn hunter
 34706 | Swamp:1  | Killed a thorn hunter
 35181 | Swamp:1  | Paralysed by a hornet for 1 turns
 36131 | Swamp:1  | Reached skill level 15 in Shapeshifting
 36638 | Swamp:2  | Reached XP level 17. HP: 142/143 MP: 12/17
 36863 | Swamp:2  | Noticed Frances
 37888 | Swamp:2  | Noticed Leckux's ghost (journeyman DjIE)
 37889 | Swamp:2  | Found a runed translucent gate.
 37889 | Swamp:2  | Found a runed translucent gate.
 37889 | Swamp:2  | Found a runed translucent gate.
 38003 | Swamp:2  | Killed Frances
 39101 | Swamp:3  | Found a stormy altar of Qazlal.
 39106 | Swamp:3  | Identified Further Progress in the Wizard's Wisdom
 39650 | Swamp:4  | Entered Level 4 of the Swamp
 40350 | Swamp:4  | Reached skill level 10 in Dodging
 42103 | Swamp:4  | Got a decaying rune of Zot
 42525 | Spider:1 | Entered Level 1 of the Spider Nest
 43489 | Spider:1 | Reached XP level 18. HP: 126/161 MP: 0/18
 43629 | Spider:1 | Identified the +1 leather armour of Fortification {*Slow
                  | +Blink Fly rF++}
 44724 | D:15     | Reached **** piety under Ashenzari
 45038 | Spider:2 | Reached skill level 1 in Shields
 45266 | Spider:2 | Reached skill level 15 in Fighting
 45365 | Spider:2 | Identified the +3 scale mail "Vanwureng" {rElec Will+
                  | Int+3}
 45921 | Spider:3 | Reached ***** piety under Ashenzari
 46251 | Spider:3 | Identified the +0 leather armour "Qoinaon" {Slay+2}
 46456 | Spider:4 | Entered Level 4 of the Spider Nest
 47233 | Spider:4 | Noticed Arachne
 47244 | Spider:4 | Killed Arachne
 47644 | Spider:4 | Got a gossamer rune of Zot
 47868 | Lair:3   | Identified the cursed +2 pair of gloves of Ashenzari's
                  | Fanaticism {infuse, Dev, Bglg} (You found it on level 5 of
                  | the Lair of Beasts)
 47868 | Lair:3   | Identified the cursed +2 pair of boots "Gaze Upon Infinity"
                  | {Melee, Comp} (You found it on level 1 of the Dungeon)
 47877 | Lair:3   | Identified the cursed +2 cloak "Circumscribed Ennui" {Comp,
                  | Cun} (You found it on level 2 of the Dungeon)
 47877 | Lair:3   | Identified the cursed +3 buckler of Ashenzari's Visionary
                  | {AC+3, Range, Cun} (You took it off a tengu reaver on level
                  | 15 of the Dungeon)
 48121 | Vaults:1 | Entered Level 1 of the Vaults
 48161 | Vaults:1 | Reached XP level 19. HP: 172/172 MP: 19/19
 48162 | Abyss:3  | Cast into level 3 of the Abyss (a wizard)
 48238 | Vaults:1 | Escaped the Abyss
 49457 | Vaults:2 | Found Koryocreil's Distillery.
 49486 | Abyss:3  | Cast into level 3 of the Abyss (a wizard)
 49492 | Abyss:3  | Noticed a bone dragon
 49500 | Abyss:3  | Killed a bone dragon
 49609 | Abyss:3  | Found a corrupted altar of Lugonu.
 49702 | Vaults:2 | Escaped the Abyss
 49748 | Vaults:2 | Bought a potion of curing for 57 gold pieces
 49748 | Vaults:2 | Bought a potion of attraction for 57 gold pieces
 49748 | Vaults:2 | Bought a potion of invisibility for 152 gold pieces
 49748 | Vaults:2 | Bought a potion of enlightenment for 95 gold pieces
 49748 | Vaults:2 | Bought a potion of heal wounds for 95 gold pieces
 49758 | Vaults:2 | Found Runez's Jewellery Shoppe.
 49772 | Vaults:2 | Found Jurusk's Jewellery Shoppe.
 50835 | Vaults:3 | Paralysed by a great orb of eyes for 3 turns
 51146 | Vaults:3 | Reached XP level 20. HP: 182/182 MP: 20/20
 51257 | Vaults:3 | Found a staircase to the Crypt.
 51467 | Vaults:3 | Found the ring of the Tortoise {AC+8}
 51682 | Vaults:3 | Reached skill level 5 in Shields
 51771 | Vaults:3 | Found a portal to a secret trove of treasure.
 51782 | Vaults:3 | Identified the +1 robe "Opov" {Rampage Str+3}
 52014 | Vaults:3 | Found Fyokh's Antique Weapon Shoppe.
 52165 | Vaults:4 | Noticed a profane servitor
 52615 | Vaults:4 | Killed a profane servitor
 52918 | Vaults:4 | Noticed Asunaom's ghost (adept HOFi)
 52930 | Vaults:4 | Found a transporter.
 52957 | Vaults:4 | Found a transporter.
 52961 | Vaults:4 | Found a one-way gate to the infinite horrors of the Abyss.
 53258 | Vaults:4 | Killed Asunaom's ghost
 53265 | Vaults:4 | Gained mutation: You occasionally lose the ability to drink
                  | potions when taking damage. [a cacodemon]
 53325 | Vaults:4 | Lost mutation: You occasionally lose the ability to drink
                  | potions when taking damage. [potion of mutation]
 53325 | Vaults:4 | Gained mutation: Your spells are a little harder to cast,
                  | but a little more powerful. [potion of mutation]
 53325 | Vaults:4 | Gained mutation: You are agile. (Dex +4, Str/Int -1)
                  | [potion of mutation]
 53325 | Vaults:4 | Gained mutation: You are very agile. (Dex +8, Str/Int -2)
                  | [potion of mutation]
 53656 | Elf:1    | Entered Level 1 of the Elven Halls
 54105 | Elf:1    | Identified the Grimoire of Creation
 54177 | Elf:1    | Found Koegefom's Armour Shop.
 54208 | Elf:1    | Bought a +1 kite shield of resistance for 584 gold pieces
 54208 | Elf:1    | Bought the +2 pair of slick slippers {slick, slippery,
                  | EV+4} for 612 gold pieces
 54208 | Elf:1    | Found the +2 pair of slick slippers {slick, slippery, EV+4}
 54337 | Elf:2    | Noticed Socil's ghost (veteran DjDe)
 54347 | Elf:2    | Found a runed translucent gate.
 54347 | Elf:2    | Found a runed translucent gate.
 54347 | Elf:2    | Found a runed translucent gate.
 54566 | Elf:2    | Killed Socil's ghost
 54654 | Elf:2    | Found Isinov's Magic Scroll Shop.
 54659 | Elf:2    | Bought a scroll of fog for 48 gold pieces
 54659 | Elf:2    | Bought a scroll of teleportation for 36 gold pieces
 54659 | Elf:2    | Bought a scroll of fog for 48 gold pieces
 54659 | Elf:2    | Bought a scroll of fog for 48 gold pieces
 54718 | Elf:2    | Found a runed translucent gate.
 54719 | Elf:2    | Found a runed translucent gate.
 54719 | Elf:2    | Found a runed translucent gate.
 54800 | Elf:3    | Entered Level 3 of the Elven Halls
 54913 | Elf:3    | Reached XP level 21. HP: 193/193 MP: 21/21
 55000 | Elf:3    | Found Dojoalura's Antique Weapon Emporium.
 55272 | Elf:3    | Identified the ring of Qimorome {Fly rN+}
 55327 | Elf:3    | Identified the +2 plate armour of a sewer {Str+8 Int+2}
 55328 | Elf:3    | Identified the +1 leather armour "Wiugusej" {*Corrode rElec
                  | rPois rF+}
 55331 | Elf:3    | Found the +11 plutonium sword {Contam Stlth-}
 55362 | Elf:3    | Identified the staff "Bergh" {Dex+2 Conj}
 55362 | Elf:3    | Found the +16 obsidian axe {drain, demonic, Mesm Drain Fly
                  | SInv}
 55362 | Elf:3    | Identified the staff "Demonslayer" {rC+ rN+++ Dex-4 SInv
                  | Stlth- Ice}
 55366 | Elf:3    | Identified Gufodoas's Compendium of Degeneration and the
                  | Sky
 55367 | Elf:3    | Identified the +1 falchion "Qoipiegu" {holy, *Rage rPois
                  | Will+++ Dex-2}
 55367 | Elf:3    | Identified Iwuewu's Folio of Conjuration
 55367 | Elf:3    | Identified Xifrodeqiu's Spellbook of the Rancid Jaunt
 55471 | Elf:3    | Identified the Elucidation of Peregrination
 55476 | Elf:3    | Identified the ring of Fiomanah {rElec rF+ Will- Dex+3
                  | Slay+3}
 56036 | Elf:3    | Found Dojoalura's Antique Weapon Emporium.
 56542 | Elf:3    | 250/45/27/24
 56992 | Depths:1 | Entered Level 1 of the Depths
 57042 | Depths:1 | Learned a level 2 spell: Blink
 57045 | Depths:1 | Learned a level 2 spell: Lesser Beckoning
 57056 | Depths:1 | Found a snail-covered altar of Cheibriados.
 57274 | Depths:1 | Found a one-way gateway to a ziggurat.
 57456 | Depths:1 | Found a gateway to Hell.
 57593 | Depths:1 | Found Nyblag's Magic Scroll Shop.
 57595 | Depths:1 | Found Joraykh's Distillery.
 57595 | Depths:1 | Found Loybasch's Magic Scroll Boutique.
 57598 | Depths:1 | Found Wacsog's Jewellery Boutique.
 57646 | Depths:1 | Bought a scroll of teleportation for 36 gold pieces
 57646 | Depths:1 | Bought a scroll of revelation for 90 gold pieces
 57646 | Depths:1 | Bought a scroll of teleportation for 36 gold pieces
 57646 | Depths:1 | Bought a scroll of teleportation for 36 gold pieces
 57646 | Depths:1 | Bought a scroll of blinking for 90 gold pieces
 57649 | Depths:1 | Bought a potion of curing for 54 gold pieces
 57649 | Depths:1 | Bought a potion of invisibility for 144 gold pieces
 57649 | Depths:1 | Bought a potion of haste for 180 gold pieces
 57649 | Depths:1 | Bought a potion of curing for 54 gold pieces
 57649 | Depths:1 | Bought a potion of enlightenment for 90 gold pieces
 57652 | Depths:1 | Bought the macabre finger necklace {Finger+ rN+} for 680
                  | gold pieces
 57652 | Depths:1 | Found the macabre finger necklace {Finger+ rN+}
 57655 | Depths:1 | Bought a scroll of teleportation for 39 gold pieces
 57655 | Depths:1 | Bought a scroll of blinking for 97 gold pieces
 57655 | Depths:1 | Bought a scroll of revelation for 97 gold pieces
 58511 | Depths:2 | Paralysed by a floating eye for 4 turns
 58530 | Depths:2 | Identified the +7 chain mail of Lyr Tet {rElec Will+}
 58935 | Depths:2 | Found a one-way gate leading to the halls of Pandemonium.
 59314 | Depths:3 | Reached XP level 22. HP: 203/203 MP: 22/22
 59470 | Depths:3 | Found a bloodstained altar of Trog.
 59609 | Depths:3 | Identified the +10 giant club "Halunnedgho" {antimagic, rF+
                  | Str+3 SInv}
 59609 | Depths:3 | Identified the +9 giant club of Conformity {chaos, Int+3}
 59856 | Depths:3 | Paralysed by a floating eye for 3 turns
 59866 | Depths:3 | Paralysed by a floating eye for 2 turns
 60249 | Depths:3 | Found a radiant altar of Vehumet.
 60249 | Depths:3 | Noticed the Enchantress
 60266 | Depths:3 | Killed the Enchantress
 60349 | Depths:4 | Entered Level 4 of the Depths
 60644 | Depths:4 | Found a glowing golden altar of the Shining One.
 61022 | Depths:4 | Found a gate to the Realm of Zot.
 61089 | Depths:4 | Identified the amulet "Ofeirech" {rF- rC+ Regen+ Str+3}
 61337 | Depths:4 | 202/19/47/5
 61753 | Vaults:5 | Entered Level 5 of the Vaults
 61753 | Vaults:5 | Identified the +2 scale mail "Kecicuah" {Regen+ Int+3}
 61795 | Vaults:5 | Reached skill level 10 in Shields
 61810 | Vaults:5 | Reached skill level 15 in Dodging
 61826 | Vaults:5 | Reached XP level 23. HP: 185/213 MP: 23/23
 61930 | Vaults:5 | Noticed a dread lich
 61937 | Vaults:5 | Killed a dread lich
 62274 | Vaults:5 | Identified the +2 helmet of Naidez {rElec rF+++ MP+9 Dex-2}
 62277 | Vaults:5 | Identified the +4 whip of Zin, Loving {freeze, *Corrode
                  | rN++ Will+ Int+8}
 62485 | Vaults:5 | Got a silver rune of Zot
 62644 | Vaults:5 | Identified the +1 ring mail "Eny Cobovu" {rN+ Dex+4}
 63557 | Swamp:2  | Killed Leckux's ghost
 64020 | Zot:1    | Entered Level 1 of the Realm of Zot
 64405 | Crypt:1  | Entered Level 1 of the Crypt
 64917 | Crypt:1  | Found a basalt altar of Yredelemnul.
 65741 | Crypt:3  | Entered Level 3 of the Crypt
 65741 | Crypt:3  | Noticed Boris
 65746 | Crypt:3  | Killed Boris
 65771 | Crypt:3  | Identified the ring "Ellun" {rF+ rN+ Dex+3}
 65771 | Crypt:3  | Identified the ring of Lufolyd {*Slow rPois rC+ rN+ Dex+3}
 65772 | Crypt:3  | Identified the +3 sling "Ciyroem" {flame, *Corrode rN+
                  | Dex+6}
 66169 | Crypt:3  | Reached XP level 24. HP: 225/225 MP: 23/23
 66179 | Crypt:3  | Identified the +3 falchion "Jelly's Demise" {heavy, Int+4}
 66179 | Crypt:3  | Identified Inonk's Directory of the Morgue
 66400 | Crypt:3  | Found a staircase to the Tomb.
 66544 | Crypt:3  | Identified the +5 scimitar "ETAOIN SHRDLU" {heavy, Fragile
                  | rPois rCorr MP+9}
 66826 | Crypt:3  | Noticed Grunn
 66845 | Crypt:3  | Killed Grunn
 67065 | Crypt:3  | Found an ancient bone altar of Kikubaaqudgha.
 67083 | Crypt:3  | Noticed a dread lich
 67084 | Crypt:3  | Identified the Anthology of Subjectivity
 67084 | Crypt:3  | Identified the +2 whip of Okawaru's Approval {antimagic,
                  | rPois Int+2}
 67091 | Crypt:3  | Killed a dread lich
 68326 | Zot:1    | Noticed an orb of fire
 68351 | Zot:1    | Killed an orb of fire
 70628 | Zot:2    | Reached XP level 25. HP: 233/233 MP: 23/23
 71084 | Zot:2    | Paralysed by you for 2 turns
 71260 | Zot:2    | Identified the staff "Eviscerator" {rPois rN+ SInv Stlth+
                  | Poison}
 71260 | Zot:2    | Identified the +0 spear of the Sun {vamp, rPois rF++ rC+
                  | SInv}
 71555 | Zot:3    | Noticed an orb of fire
 71557 | Zot:3    | Gained mutation: Your magical capacity is low. (-10% MP)
                  | [an orb of fire]
 71561 | Zot:3    | Gained mutation: You are frail. (-10% HP) [an orb of fire]
 71564 | Zot:3    | Gained mutation: You are weak. (Str -2) [an orb of fire]
 71569 | Zot:3    | Killed an orb of fire
 71570 | Zot:3    | Lost mutation: You are frail. (-10% HP) [potion of
                  | mutation]
 71570 | Zot:3    | Lost mutation: You are very agile. (Dex +8, Str/Int -2)
                  | [potion of mutation]
 71570 | Zot:3    | Gained mutation: You are strong-willed. (Will+) [potion of
                  | mutation]
 71570 | Zot:3    | Lost mutation: You are agile. (Dex +4, Str/Int -1) [potion
                  | of mutation]
 71570 | Zot:3    | Gained mutation: You expend magic power (3 MP) to
                  | strengthen your wands. [potion of mutation]
 71669 | Zot:3    | Reached skill level 15 in Shields
 72011 | Zot:3    | Identified the +1 ring mail of Hepliaklqana's Regard {Will+
                  | Str+7 Int+3}
 72080 | Zot:3    | Identified the Compendium of the Volatile Body
 72463 | Zot:3    | Identified the ring "Donaunec" {Ice rPois Str+2 Int+3}
 72463 | Zot:3    | Noticed Josephina
 72480 | Zot:3    | Killed Josephina
 73259 | Zot:4    | Noticed a Killer Klown
 73287 | Zot:4    | Killed a Killer Klown
 73576 | Zot:5    | Entered Level 5 of the Realm of Zot
 73767 | Zot:5    | Reached XP level 26. HP: 251/251 MP: 20/20
 74036 | Zot:5    | Noticed a dread lich
 74046 | Zot:5    | Killed a dread lich
 74111 | Zot:5    | Noticed an orb of fire
 74112 | Zot:5    | Gained mutation: You are very weak. (Str -4) [an orb of
                  | fire]
 74113 | Zot:5    | Gained mutation: Your body sometimes deteriorates upon
                  | taking damage. [an orb of fire]
 74119 | Zot:5    | Gained mutation: You are vulnerable to cold. (rC-) [an orb
                  | of fire]
 74122 | Zot:5    | Killed an orb of fire
 74122 | Zot:5    | Noticed an orb of fire
 74126 | Zot:5    | Killed an orb of fire
 74131 | Zot:5    | a Killer Klown changed into a juggernaut
 74131 | Zot:5    | Noticed a juggernaut
 74136 | Zot:5    | Killed a juggernaut
 74149 | Zot:5    | Noticed an orb of fire
 74150 | Zot:5    | Gained mutation: You are occasionally teleported next to
                  | monsters. [an orb of fire]
 74152 | Zot:5    | Gained mutation: Potions are less effective at restoring
                  | your health. [an orb of fire]
 74160 | Zot:5    | Killed an orb of fire
 74170 | Zot:5    | Lost mutation: Your spells are a little harder to cast, but
                  | a little more powerful. [potion of mutation]
 74170 | Zot:5    | Lost mutation: You are vulnerable to cold. (rC-) [potion of
                  | mutation]
 74171 | Zot:5    | Lost mutation: You are occasionally teleported next to
                  | monsters. [potion of mutation]
 74171 | Zot:5    | Lost mutation: Your magical capacity is low. (-10% MP)
                  | [potion of mutation]
 74171 | Zot:5    | Lost mutation: You expend magic power (3 MP) to strengthen
                  | your wands. [potion of mutation]
 74171 | Zot:5    | Lost mutation: You are very weak. (Str -4) [potion of
                  | mutation]
 74549 | Zot:5    | Noticed an ancient lich
 74557 | Zot:5    | Killed an ancient lich
 74718 | Zot:5    | Noticed an ancient lich
 74724 | Zot:5    | Noticed an ancient lich
 74726 | Zot:5    | Killed an ancient lich
 74733 | Zot:5    | Killed an ancient lich
 75607 | Zot:5    | Got the Orb of Zot
 75881 | Depths:1 | Noticed Ufaet the pandemonium lord
 75890 | Depths:1 | Noticed Yphint the pandemonium lord
 75895 | Depths:1 | Killed Ufaet the pandemonium lord
 75902 | Depths:1 | Killed Yphint the pandemonium lord
 76048 | D:14     | Noticed Nyruin the pandemonium lord
 76292 | D:3      | Noticed Waosox the pandemonium lord
 76311 | D:3      | Killed Waosox the pandemonium lord
 76370 | D:1      | Noticed Irat the pandemonium lord
 76376 | D:$      | Escaped with the Orb!

Illustrated notes

.##...........#
.###.........##
.###'.......##
#'#.##.....##
##.######'##############
.......................#
.......................#
.......................#
.........)......8......#
~≈~≈≈~~~~~~~)~~~~~≈~≈~≈#
≈~≈≈≈≈≈≈≈~≈≈≈≈≈≈≈≈≈≈≈≈~#
########################
.......................#
.......................#
###'##########'#########
.#.......#.............#
.#..)....#.............#


Turn 56542 on Elf:3: 250/45/27/24 #### ## #..# #. #..# #.
############..#########. #....................... #......v................
##########..########..## #..# #..# #..# #..# #..# #..# ##########..########..##
#....................... #....................... ##########..########..## Turn
61337 on Depths:4: 202/19/47/5

Levels and vault maps discovered:
D:1:      minmay_arrival_three_doors, layout_rooms, serial_shops,
          nicolae_shop_real_fake_doors
D:2:      layout_basic, uniq_robin
D:3:      layout_loops_corners, uniq_sigmund
D:4:      layout_basic, corexii_leaking_fountain
D:5:      layout_loops_ring, temple_pool_b, gup_sewer_entry_spiral,
          guppyfry_early_orc_mine, uniq_pikel, uniq_menkaure
D:6:      wad_crossroads, layout_basic, uniq_crazy_yiuf_cottage, uniq_grinder
D:7:      layout_cave_pools, nicolae_ru_awakened_eye, uniq_duvessa, uniq_joseph
D:8:      layout_loops_ring, enter_bailey_4
D:9:      hangedman_cross_stitches, layout_irregular_city
D:10:     layout_small_grid, minitemple, nicolae_fountain_basement
D:11:     layout_roguey, erik_lair_orcish_takeover, david_orc_4,
          gammafunk_ghost_grave, nicolae_doodle_vault, uniq_harold
D:12:     layout_loops_ring, portal_ice_cave_entry_ice_simulacra
D:13:     layout_basic, hangedman_vaults_entry_quadrant_bands
D:14:     layout_irregular_city, minivault_14
D:15:     hangedman_slaughterboxes
Temple:   hellmonk_temple_forest_ring
Lair:1:   layout_regular_city, lemuel_fruit_fields
Lair:2:   layout_chaotic_city, skrybe_swamp_entry_bodies, serial_bayou_lagoon_b
Lair:3:   layout_regular_city, spider_nest_entry_a, uniq_sonja
Lair:4:   layout_regular_city, serial_bayou, serial_bayou_pond_c,
          serial_bayou_shore_a, serial_bayou_pond_b, serial_bayou_pond_a,
          infiniplex_staircase_pool_2, uniq_urug
Lair:5:   cheibrodos_lair_end_hotspot, layout_cave_pods, slime_entry_1
Swamp:1:  layout_falls_marsh, serial_swamp_ruin, evilmike_swamp_ruin_house_2,
          evilmike_swamp_ruin_house_3, evilmike_swamp_ruin_house_6
Swamp:2:  layout_basic_swamp, gammafunk_ghost_necromancy,
          nicolae_swamp_fairy_circle, infiniplex_staircase_pool, uniq_frances
Swamp:3:  layout_falls_marsh, lemuel_altar_in_water
Swamp:4:  swamp_basic_johnstein, layout_basic_swamp
Spider:1: nicolae_spider_mines_2, hangedman_spider_tarantella_strand
Spider:2: layout_spider_delve
Spider:3: layout_spider_delve, drop_trap, hellmonk_deceptive_appearances
Spider:4: spider_rune_water, nicolae_spider_some_kinda_spiderbox, uniq_arachne
Orc:1:    layout_diamond_mine
Orc:2:    st_orc_ogre_mass, layout_diamond_mine
Elf:1:    minmay_elf_arrival_plus, layout_geoelf_octagon, serial_shops, shop,
          minmay_elf_demonology
Elf:2:    nicolae_elf_blades_crystal_corner, layout_rooms, serial_shops, shop,
          gammafunk_ghost_split
Elf:3:    elf_hall, layout_geoelf_castle, serial_shops, nicolae_shop_waterfront
Vaults:1: nicolae_vaults_tetromino_Z_2, v_misc_14,
          nicolae_vaults_trapezoid_lopsided_2, v_misc_30,
          vaults_room_stairs_pillars, nicolae_vaults_mitosis,
          nicolae_vaults_storage_closets_3, ontoclasm_vaults_gateway,
          nicolae_vaults_little_ls, st_check, v_pattern_1,
          nicolae_vaults_little_squares_6, layout_vaults_big_room
Vaults:2: hangedman_vaults_hard_town_square, v_pattern_2,
          ontoclasm_vaults_ligature, v_rooms_5, hangedman_vaults_trim,
          nicolae_vaults_house_3, nicolae_vaults_little_squares_6,
          nicolae_vaults_tetromino_T_1, layout_vaults_omnicross
Vaults:3: nicolae_vaults_surprise_closet_hard, minmay_crypt_entry_simple_plaza,
          hangedman_vaults_cutoff, nicolae_vaults_cornered_office, v_pattern_5,
          nicolae_vaults_ninety_degrees, nicolae_vaults_angled_halls,
          hangedman_vaults_snaps, nicolae_vaults_little_squares_2,
          vaults_dpeg_encased_lava, vaults_room_hallway, layout_vaults_ring,
          enter_trove_2, serial_shops, nicolae_shop_just_a_little_nook
Vaults:4: gammafunk_ghost_abyssal_escape, v_misc_10,
          nicolae_vaults_sesquioval_fish, vaults_room_semicircle,
          vaults_dpeg_ring, layout_vaults_omnigrid
Vaults:5
Crypt:1:  layout_rooms, basic_altar, grunt_crypt_arrival_split
Crypt:2:  layout_gridlike
Crypt:3:  quadcrypt_mu, uniq_boris, uniq_grunn
Depths:1: layout_cave_shapes, enter_ziggurat_b, grunt_hell_entry_dis_old,
          slow_altar_1, serial_bayou_shore_b, minmay_shoptagon,
          serial_bayou_shore_b
Depths:2: lemuel_traditional_vault, layout_honeycomb,
          pf_vacation_house_of_asmodeus, pan_entry
Depths:3: grunt_forest_end_shrine, layout_cave_pools, minmay_room_of_horrors,
          trog_three_pillars_becter, hell_entry,
          minmay_checkered_concentric_circles
Depths:4: evilmike_zot_entry_hall, layout_long_grid, lightli_too_deep,
          dreamdust_wishing_well, tso_oasis_becter, grunt_megastairs_2
Zot:1:    layout_onion_interference, grunt_megastairs_3
Zot:2:    gammafunk_mikee_crab_dinner, layout_twisted_circle
Zot:3:    cheibrodos_zot_enchanting_chambers, layout_gridlike, uniq_josephina
Zot:4:    layout_onion_interference
Zot:5:    layout_basic

Skill      XL: |  1  2  3  4  5  6  7  8  9 10 11 12 13 14 15 16 17 18 19 20 21 22 23 24 25 26 |
---------------+-------------------------------------------------------------------------------+-----
Stealth        | 1 2 3 |  3.0
Fighting       | 2 3 4 5 7 8 9 11 12 13 14 15 16 17 18 19 20 21 23 24 | 24.9
Unarmed Combat | 4 5 7 8 10 11 13 14 15 17 18 19 20 21 22 23 24 | 24.3
Evocations     | 1 2 4 5 6 7 9 11 12 | 12.8
Shapeshifting  | 4 5 7 9 10 11 12 13 14 15 16 17 18 19 20 21 | 21.0
Dodging        | 4 6 7 9 10 11 12 13 14 15 16 17 19 20 | 20.4
Shields        | 2 4 6 8 10 11 14 16 18 | 18.4

Action                     |  1- 3 |  4- 6 |  7- 9 | 10-12 | 13-15 | 16-18 | 19-21 | 22-24 | 25-27 || total
---------------------------+-------+-------+-------+-------+-------+-------+-------+-------+-------++-------
  Melee: Unarmed           |    84 |   133 |   457 |   842 |  1367 |  1424 |  1142 |  1506 |   931 ||  7886
         Tailslap          |     8 |    15 |    66 |   151 |   314 |   289 |   233 |   346 |   224 ||  1646
         Dagger            |       |    19 |       |       |       |       |       |       |       ||    19
         Punch             |       |     3 |     4 |       |       |       |       |       |       ||     7
   Fire: Sling             |    18 |    25 |       |       |       |       |       |       |       ||    43
  Throw: Dart              |       |       |    15 |       |       |     8 |       |       |       ||    23
 Invoke: Curse Item        |       |       |       |     4 |     2 |     4 |     2 |     1 |       ||    13
         Shatter the Chain |       |       |       |       |     1 |     2 |     2 |     1 |       ||     6
Ability: Breathe Lightning |       |       |    11 |     8 |    20 |     7 |       |       |       ||    46
         Begin Untransform |       |       |     1 |       |       |     3 |     2 |     2 |       ||     8
         Siphon Essence    |       |       |       |       |       |       |       |     1 |       ||     1
  Evoke: Wand              |       |     1 |     9 |    26 |    15 |    33 |     2 |     1 |     2 ||    89
         Condenser vane    |       |       |       |       |     3 |     6 |     2 |     2 |     2 ||    15
         Sack of spiders   |       |       |       |       |       |     4 |       |       |       ||     4
         Phantom mirror    |       |       |       |       |       |       |     1 |       |       ||     1
         Lightning rod     |       |       |       |       |       |       |     4 |     1 |       ||     5
    Use: Scroll            |     1 |     3 |     9 |    21 |     2 |     9 |     7 |     1 |    11 ||    64
         Potion            |       |     4 |       |     6 |     1 |     7 |     1 |     2 |     7 ||    28
   Stab: Paralysed         |       |     5 |     6 |       |       |     5 |       |       |       ||    16
         Sleeping          |       |     1 |     4 |       |     1 |     9 |    25 |    14 |     6 ||    60
         Distracted        |       |       |     1 |       |       |     3 |     2 |     6 |     5 ||    17
 Armour: Skin              |    36 |    86 |   312 |   651 |   899 |   947 |   612 |   537 |   376 ||  4456
  Dodge: Dodged            |    45 |    57 |   238 |   480 |   787 |  1083 |   855 |   924 |   493 ||  4962
  Block: Other             |       |       |       |       |       |   178 |       |       |       ||   178
         Reflection        |       |       |       |       |       |     8 |    79 |    24 |    16 ||   127
         Buckler           |       |       |       |       |       |   343 |   455 |       |       ||   798
         Kite shield       |       |       |       |       |       |       |   669 |  1653 |   783 ||  3105
   Form: Flux              |       |       |     1 |       |       |       |       |       |       ||     1
         Statue            |       |       |       |       |       |     2 |     2 |     4 |     1 ||     9
         Anaconda          |       |       |       |       |       |     1 |       |       |       ||     1
         Storm             |       |       |       |       |       |       |     2 |     3 |     1 ||     6
         Death             |       |       |       |       |       |       |       |     1 |     1 ||     2

Table legend: (Time is in decaauts)
 A = Elapsed time spent in this place.
 B = Non-inter-level travel time spent in this place.
 C = Inter-level travel time spent in this place.
 D = Time resting spent in this place.
 E = Time spent auto-exploring this place.
 F = Levels seen in this place.
 G = Mean time per level.
                   A        B        C        D        E       F      G
               +--------+--------+--------+--------+--------+-----+--------+
         Total |  87786 |  78567 |   9219 |   3319 |  57996 |  57 | 1540.1 |
       Dungeon |  25248 |  21224 |   4024 |   1222 |  14620 |  15 | 1683.2 |
        Temple |     58 |     58 |      0 |     54 |      0 |   1 |   58.0 |
          Lair |   8686 |   7782 |    904 |    135 |   6142 |   5 | 1737.2 |
         Swamp |   7654 |   7320 |    334 |    632 |   5505 |   4 | 1913.5 |
   Spider Nest |   6173 |   5551 |    622 |    475 |   3881 |   4 | 1543.2 |
  Orcish Mines |   1897 |   1701 |    196 |    195 |   1205 |   2 |  948.5 |
   Elven Halls |   4479 |   4282 |    197 |     19 |   3392 |   3 | 1493.0 |
        Vaults |  10077 |   8833 |   1244 |    209 |   7008 |   5 | 2015.4 |
         Crypt |   4252 |   3932 |    320 |      0 |   3121 |   3 | 1417.3 |
        Depths |   7160 |   6190 |    970 |     94 |   4699 |   4 | 1790.0 |
           Zot |   9939 |   9534 |    405 |     80 |   7338 |   5 | 1987.8 |
         Abyss |    428 |    428 |      0 |      0 |    144 |   3 |  142.7 |
         Sewer |    416 |    416 |      0 |      0 |    236 |   1 |  416.0 |
        Bailey |    483 |    483 |      0 |      5 |    324 |   1 |  483.0 |
      Ice Cave |    829 |    829 |      0 |    195 |    379 |   1 |  829.0 |
               +--------+--------+--------+--------+--------+-----+--------+

Top non-repeatable levels by time:
    D:15: 4762 daAuts
    D:11: 2851 daAuts
   Zot:5: 2841 daAuts
   Elf:3: 2752 daAuts
 Swamp:4: 2627 daAuts
  Lair:5: 2338 daAuts
Depths:2: 2298 daAuts
 Swamp:1: 2280 daAuts
 Crypt:3: 2274 daAuts
    D:13: 2261 daAuts
   Zot:1: 2248 daAuts
Vaults:2: 2214 daAuts
Spider:1: 2125 daAuts
Vaults:5: 2050 daAuts
Vaults:3: 1991 daAuts
